 Dungeon Crawl Stone Soup version 0.30.1-9-gdf580d7c3d (webtiles) character file.

Game seed: 8932832945791042104

44 H0rd4k the Charlatan (level 3, 0/23 HPs)
             Began as an Octopode Artificer on Sept 28, 2023.
             Succumbed to an adder's poison
             ... on level 2 of the Dungeon.
             The game lasted 00:03:23 (1324 turns).

H0rd4k the Charlatan (Octopode Artificer)           Turns: 1324, Time: 00:03:24

Health: 0/23       AC:  1    Str: 11    XL:     3   Next: 62%
Magic:  3/3        EV: 13    Int: 15    God:
Gold:   58         SH:  0    Dex: 12    Spells: 2/2 levels left

rFire   . .          .
                       - Unarmed
rCold   + . .        (no shield)
rNeg    . . .        (helmet restricted)
rPois   .            (no amulet)
rElec   .            k - ring of ice
rCorr   .            m - ring of protection from fire
SInv    .            (no ring)
Will    .....        (no ring)
Stlth   +++          (no ring)
HPRegen 0.23/turn    (no ring)
MPRegen 0.08/turn    (no ring)
                     (no ring)

%: no passive effects
@: lethally poisoned (0 -> -3)
A: almost no armour, amphibious, 8 rings, camouflage 1, gelatinous body 1,
(nimble swimmer 1), tentacles
a: no special abilities


You were on level 2 of the Dungeon.
You visited 1 branch of the dungeon, and saw 2 of its levels.

You collected 58 gold pieces.

Inventory:

Jewellery
 k - a ring of ice (left tentacle)
 m - a ring of protection from fire (right tentacle)
 n - a ring of see invisible
Wands
 b - a wand of flame (14) (quivered)
 c - a wand of charming (12)
 d - a wand of iceblast (5)
Scrolls
 a - a scroll of poison {unknown}
 e - 3 scrolls of identify {unknown}
 f - a scroll of butterflies {unknown}
 g - 3 scrolls of teleportation {unknown}
 i - a scroll of immolation {unknown}
 l - a scroll of enchant weapon {unknown}
Potions
 h - a potion of curing {unknown}
 j - a potion of heal wounds {unknown}
 o - a potion of might {unknown}


   Skills:
 + Level 1.2 Fighting
 + Level 3.2 Dodging
 - Level 1.3 Stealth
 + Level 1.0 Unarmed Combat
 + Level 3.9 Evocations


You had 2 spell levels left.
You didn't know any spells.
Your spell library contained the following spells:

 Spells                   Type           Power      Damage    Failure   Level
 Cigotuvi's Dreadful Rot  Necr/Pois/Air  0%         N/A       38%         2
 Ignite Poison            Fire/Tmut/Pois 0%         N/A       63%         3
 Freezing Cloud           Conj/Ice/Air   0%         6-21      100%        5


Dungeon Overview and Level Annotations

Branches:
Dungeon (2/15)

Altars:

Shops:
D:1 !


Innate Abilities, Weirdness & Mutations

You cannot wear most types of armour.
You are amphibious.
You can wear up to eight rings at the same time.
Your skin changes colour to match your surroundings (Stealth+).
Your rubbery body absorbs attacks. (AC +1, EV +1)
((You are camouflaged when in or above water. (Stealth+)))
You have tentacles for arms and can constrict up to eight enemies at once.


Message History

You kill the bat!
You see here a bat corpse.
HP restored.
You see here an adder corpse.
An adder comes into view.
An adder is nearby!
An adder is nearby!
The adder hisses angrily.
You hear a shout!
A kobold comes into view. It is wielding a +0 dagger.
You hear a shout!
Found a hand axe.
The kobold throws a stone.
The stone closely misses you.
You miss the adder. Your grab misses the adder. Your squeeze misses the adder.
The kobold throws a stone.
The stone barely misses you. The adder closely misses you.
You miss the adder. Your grab misses the adder. The adder barely misses you.
The kobold throws a stone.
The stone hits you.
You barely miss the adder. Your grab misses the adder. You squeeze the adder.
The adder is heavily wounded.
The adder completely misses you.
You tentacle-slap the adder. Your grab misses the adder.
The adder is severely wounded.
The adder bites you. The adder misses you.
You completely miss the adder. Your grab misses the adder.
The adder is severely wounded.
The kobold hits you but does no damage. The adder bites you.
You are poisoned.
The adder poisons you!
You tentacle-slap the adder but do no damage.
Your grab misses the adder.
The adder is severely wounded.
You feel sick. The adder bites you. The kobold closely misses you.
You miss the adder. Your grab misses the adder. Your squeeze misses the adder.
The adder is heavily wounded.
You feel sick. The adder bites you. The kobold hits you with a +0 dagger.
* * * LOW HITPOINT WARNING * * *
The adder completely misses you.
Unknown command.
The adder attacks as you move away! The adder bites you.
* * * LOW HITPOINT WARNING * * *
You die...

#.................##.#.##.#.
#..........##.#####.#.##.#.#
#....†.....# ...##.#.##.#.##
###....†.....#
.##.#.##.#.##.
#......##..#.# #.#.## #.##..
#......###.#.# #.#.##.#...#
#......# #...## ##.#.##.#.#.
#......# ##...# ##)#.##.#.#
#......# ##.@# ##.#)##.##
#......# ##.# ##.#.###.
#......# #SK# ##.#)#.#
#....... #..# ##.#.#. #...
##.#.# #.##. ##.## #.# .#
####. #.# . ###.#.. ..# ).
.......


You could see an adder and a kobold.

Vanquished Creatures
  An adder (D:2)
  2 dart slugs
  An endoplasm (D:2)
  A hobgoblin (D:2)
  5 jackals
  4 kobolds (D:1)
  3 quokkas
  2 ball pythons
  2 bats (D:2)
  2 frilled lizards (D:1)
  3 goblins (D:2)
  A rat (D:2)
27 creatures vanquished.

Vanquished Creatures (collateral kills)
  A ball python (D:1)
  A bat (D:1)
2 creatures vanquished.

Grand Total: 29 creatures vanquished

Notes
Turn   | Place    | Note
-------+----------+-------------------------------------------
     0 | D:1      | H0rd4k the Octopode Artificer began the quest for the Orb.
     0 | D:1      | Reached XP level 1. HP: 13/13 MP: 1/1
   273 | D:1      | Reached XP level 2. HP: 16/18 MP: 2/2
   441 | D:1      | Found Unev's Distillery.
   950 | D:2      | Found the +4 robe of Augmentation {Str+4 Int+4 Dex+4}
  1062 | D:2      | Reached XP level 3. HP: 23/23 MP: 3/3
  1205 | D:2      | Found a faded altar of an unknown god.
  1296 | D:2      | Reached skill level 1 in Unarmed Combat
  1324 | D:2      | HP: 1/23 [adder (4)]
  1324 | D:2      | Succumbed to an adder's poison

Illustrated notes

Levels and vault maps discovered:
D:1:      dpeg_arrival_arbitrary_b, layout_basic, serial_shops, shop
D:2:      minmay_inner_zag, layout_rooms, shapermc_ecumenical_altar_totnotflames

Skill      XL: |  1  2  3 |
---------------+----------+-----
Dodging        | 3 |  3.2
Unarmed Combat | 1 |  1.0
Fighting       | |  1.2
Stealth        | |  1.3
Evocations     | |  3.9

Action                     || total
---------------------------++-------
  Melee: Unarmed           ||    84
         Tentacles         ||    25
         Constrict         ||    22
         Punch             ||     1
  Evoke: Wand              ||     4
   Stab: Sleeping          ||     6
 Armour: Skin              ||     7
  Dodge: Dodged            ||    57
